 Dungeon Crawl Stone Soup version 0.22.1-1-ga44c0e56f4 (webtiles) character file.

456 Limaeva the Skirmisher (level 6, -12/68 HPs)
             Began as a Troll Monk on Nov 6, 2018.
             Mangled by Menkaure (14 damage)
             ... on level 4 of the Dungeon.
             The game lasted 00:07:47 (2249 turns).

Limaeva the Skirmisher (Troll Monk)                 Turns: 2249, Time: 00:07:47

Health: -12/68     AC:  5    Str: 25    XL:     6   Next: 77%
Magic:  5/5        EV: 10    Int:  6    God:
Gold:   183        SH:  0    Dex: 14    Spells: 5/5 levels left

rFire    . . .     SeeInvis +     - Unarmed
rCold    . . .     Gourm    +   (no shield)
rNeg     . . .     Faith    .   a - +0 robe
rPois    .         Spirit   .   (helmet restricted)
rElec    .         Reflect  .   (no cloak)
rCorr    .         Harm     .   (gloves unavailable)
MR       .....                  (boots unavailable)
Stlth    ++........             (no amulet)
HPRegen  0.61/turn              f - ring of see invisible
MPRegen  0.09/turn              (no ring)

@: mighty
A: large, unfitting armour, claws 3, fast metabolism 3, gourmand, regeneration
1, shaggy fur 1, tough skin 2
a: no special abilities


You were on level 4 of the Dungeon.
You were completely stuffed.

You visited 1 branch of the dungeon, and saw 4 of its levels.

You collected 183 gold pieces.

Inventory:

Armour
 a - a +0 robe (worn)
Jewellery
 f - a ring of see invisible (left claw)
Scrolls
 d - 3 scrolls of teleportation
 m - a scroll of identify
Potions
 e - a potion of flight
Comestibles
 b - 8 rations
 c - a chunk of flesh


   Skills:
 + Level 6.4 Fighting
 - Level 2.4 Dodging
 - Level 1.0 Stealth
 - Level 3.0 Unarmed Combat


You had 5 spell levels left.
You didn't know any spells.
Your spell library was empty.

Dungeon Overview and Level Annotations

Branches:
Dungeon (4/15)
 Temple: D:4-7

Altars:
Okawaru
Xom

Annotations:
D:4 Menkaure


Innate Abilities, Weirdness & Mutations

You are too large for most types of armour.
You have claws for hands.
Your metabolism is lightning-fast.
You like to eat raw meat.
Your natural rate of healing is unusually fast.
You are covered in fur. (AC +1)
You have very tough skin. (AC +2)


Message History

You mangle the orc!!
You kill the orc!
You barely miss the phantom.
The phantom is almost destroyed.
The orc hits you with a flail. The phantom hits you!
* * * LOW HITPOINT WARNING * * *
You mangle the phantom!!
You destroy the phantom!
The orc hits you with a flail.
* * * LOW HITPOINT WARNING * * *
You claw the orc!
You kill the orc!
Menkaure shrieks, "Why can't you leave me to my rest?"
You closely miss Menkaure. Menkaure hits you!
* * * LOW HITPOINT WARNING * * *
You feel better. Menkaure barely misses you.
You completely miss Menkaure. Menkaure hits you!
* * * LOW HITPOINT WARNING * * *
You barely miss Menkaure. Menkaure hits you!
You die...

##...##...## #####
##..........###....
#............##....
#............##....
#............).....
##...........))....
##...##...#######.
######.###.## #.
#.M@...# #.# ..
#)###### #.# #..
#.# #.. #..M# #..
#...# .. #$..# >.
...(. [. ...... ..
#.###..


You could see Menkaure.

Vanquished Creatures
  A phantom (D:4)
  2 orc priests
  An orc wizard (D:4)
  A jelly (D:3)
  Terence (D:2)
  Natasha (thrice) (D:2)
  Robin (D:2)
  4 adders
  An ooze (D:1)
  A dart slug (D:1)
  6 leopard geckos
  13 orcs
  7 bats
  6 giant cockroaches
  11 goblins
  13 hobgoblins
  2 jackals (D:3)
  A ball python (D:2)
  A frilled lizard (D:2)
  4 kobolds
  5 rats
85 creatures vanquished.

Notes
Turn   | Place    | Note
-------+----------+-------------------------------------------
     0 | D:1      | Limaeva the Troll Monk began the quest for the Orb.
     0 | D:1      | Reached XP level 1. HP: 22/22 MP: 0/0
   112 | D:1      | Reached XP level 2. HP: 29/29 MP: 1/1
   116 | D:1      | Reached skill level 3 in Fighting
   332 | D:1      | Found a shimmering altar of Xom.
   593 | D:1      | Reached XP level 3. HP: 37/37 MP: 2/2
   780 | D:2      | Noticed Natasha
   796 | D:2      | Killed Natasha
   797 | D:2      | Reached skill level 4 in Fighting
   853 | D:2      | Reached XP level 4. HP: 48/48 MP: 3/3
   948 | D:2      | Noticed Natasha
   965 | D:2      | Killed Natasha
   987 | D:2      | Noticed Natasha
   994 | D:2      | Killed Natasha
   996 | D:2      | Noticed Terence
  1012 | D:2      | Killed Terence
  1012 | D:2      | Reached XP level 5. HP: 55/55 MP: 4/4
  1107 | D:2      | Reached skill level 5 in Fighting
  1225 | D:2      | Noticed Robin
  1234 | D:2      | Killed Robin
  1824 | D:3      | Reached XP level 6. HP: 66/66 MP: 5/5
  1938 | D:3      | Found an iron altar of Okawaru.
  2121 | D:4      | Reached skill level 6 in Fighting
  2218 | D:4      | Noticed Menkaure
  2248 | D:4      | HP: 2/68 [Menkaure (17)]
  2249 | D:4      | Mangled by Menkaure

Skill      XL: |  1  2  3  4  5  6 |
---------------+-------------------+-----
Fighting       | 3 4 5 6 |  6.4
Dodging        | |  2.4
Stealth        | |  1.0
Unarmed Combat | |  3.0

Action                   |  1- 3 |  4- 6 || total
-------------------------+-------+-------++-------
Melee: Unarmed           |    67 |   183 ||   250
       Punch             |     1 |     2 ||     3
  Use: Scroll            |     2 |     4 ||     6
       Potion            |       |     8 ||     8
 Stab: Sleeping          |     4 |     2 ||     6
  Eat: Chunk             |    13 |    13 ||    26
Armor: Robe              |    25 |    62 ||    87
Dodge: Dodged            |    29 |   103 ||   132
